BLB
PHOENIX ROADRUNNERS @ BATAVIA MUCKDOGS
08/23/2059
 
TOP OF THE 1ST
Phoenix Roadrunners batting - Pitching for Batavia Muckdogs : RHP Stephen Reece
Pitching: RHP Stephen Reece
Batting: RHB Rick Anderson 0-0: Ball
1-0: Called Strike
1-1: Foul Ball, location: 2F
1-2: Fly out, F7 (Flyball, 7LSF, EV 95.6 MPH)
Batting: LHB Dwight Bell 0-0: Called Strike
0-1: Foul Ball, location: 2F
0-2: Foul Ball, location: 2F
0-2: Ball
1-2: Ground out U3 (Groundball, 3, EV 93.1 MPH)
Batting: LHB Rayshaun Stuart 0-0: Fly out, F8 (Line Drive, 78D, EV 91.9 MPH)
Top of the 1st over - 0 runs, 0 hits, 0 errors, 0 left on base; Phoenix 0 - Batavia 0
BOTTOM OF THE 1ST
Batavia Muckdogs batting - Pitching for Phoenix Roadrunners : LHP Jakob Hilliard
Pitching: LHP Jakob Hilliard
Batting: LHB Donald Dworkin 0-0: Foul Ball, location: 2F
0-1: Swinging Strike
0-2: Strikes out looking
Batting: RHB Robbie McGath 0-0: Called Strike
0-1: Called Strike
0-2: Ball
1-2: Foul Ball, location: 2F
1-2: Foul Ball, location: 2F
1-2: Ball
2-2: Strikes out swinging
Batting: RHB R.J. McCarthy 0-0: Called Strike
0-1: Ball
1-1: Ball
2-1: Foul Ball, location: 2F
2-2: Strikes out swinging
Bottom of the 1st over - 0 runs, 0 hits, 0 errors, 0 left on base; Phoenix 0 - Batavia 0
TOP OF THE 2ND
Phoenix Roadrunners batting - Pitching for Batavia Muckdogs : RHP Stephen Reece
Batting: LHB Devon Cundiff 0-0: Ball
1-0: Called Strike
1-1: Swinging Strike
1-2: Foul Ball, location: 2F
1-2: Strikes out swinging
Batting: LHB Neil Wanat 0-0: Ball
1-0: SINGLE (Line Drive, 78S, EV 95.0 MPH)
Batting: RHB Cody Barkley 0-0: Called Strike
0-1: Ball
1-1: Ball
2-1: Foul Ball, location: 2F
2-2: Fly out, F9 (Flyball, 9LD, EV 105.0 MPH)
Batting: RHB Tommy Simpson 0-0: Ball
1-0: Swinging Strike
1-1: Swinging Strike
1-2: Strikes out swinging
Top of the 2nd over - 0 runs, 1 hit, 0 errors, 1 left on base; Phoenix 0 - Batavia 0
BOTTOM OF THE 2ND
Batavia Muckdogs batting - Pitching for Phoenix Roadrunners : LHP Jakob Hilliard
Batting: RHB Colby Cooper 0-0: Foul Ball, location: 2F
0-1: Ball
1-1: Ball
2-1: Called Strike
2-2: Ball
3-2: Foul Ball, location: 2F
3-2: Strikes out swinging
Batting: LHB Edward Schachter 0-0: Ball
1-0: Ball
2-0: Ball
3-0: Called Strike
3-1: SOLO HOME RUN (Line Drive, 7D, EV 96.2 MPH), Distance : 384 ft
Batting: LHB Stefan Ciolino 0-0: Ball
1-0: Foul Ball, location: 2F
1-1: Ball
2-1: Foul Ball, location: 2F
2-2: Strikes out swinging
Batting: RHB Tommy Tyrrell 0-0: Ball
1-0: Called Strike
1-1: Called Strike
1-2: SINGLE (Line Drive, 56D, EV 102.5 MPH)
Batting: RHB Destin Fransen 0-0: Ball
Tommy Tyrrell steals 2nd base (no throw)
1-0: Foul Ball, location: 2F
1-1: Swinging Strike
1-2: 2-RUN HOME RUN (Flyball, 78XD, EV 103.1 MPH), Distance : 392 ft
Batting: RHB Tyson Velez 0-0: Called Strike
0-1: Foul Ball, location: 2F
0-2: Foul Ball, location: 2F
0-2: Ball
1-2: Foul Ball, location: 2F
1-2: Strikes out swinging
Bottom of the 2nd over - 3 runs, 3 hits, 0 errors, 0 left on base; Phoenix 0 - Batavia 3
TOP OF THE 3RD
Phoenix Roadrunners batting - Pitching for Batavia Muckdogs : RHP Stephen Reece
Batting: RHB Cole Segal 0-0: Ball
1-0: Called Strike
1-1: Swinging Strike
1-2: Ball
2-2: Ground out 4-3 (Groundball, 4, EV 80.6 MPH)
Batting: RHB Harrison Jordan 0-0: Ground out U3 (Groundball, 34S, EV 94.4 MPH)
Batting: RHB Rick Anderson 0-0: Called Strike
0-1: Fly out, F8 (Flyball, 89M, EV 90.6 MPH)
Top of the 3rd over - 0 runs, 0 hits, 0 errors, 0 left on base; Phoenix 0 - Batavia 3
BOTTOM OF THE 3RD
Batavia Muckdogs batting - Pitching for Phoenix Roadrunners : LHP Jakob Hilliard
Batting: LHB Donald Dworkin 0-0: Called Strike
0-1: Ball
1-1: SINGLE (Groundball, 34D, EV 103.8 MPH)
Batting: RHB Robbie McGath 0-0: Ball
1-0: Ball
2-0: Called Strike
2-1: Foul Ball, location: 2F
2-2: Fly out, F9 (Flyball, 89S, EV 79.4 MPH)
Batting: RHB R.J. McCarthy 0-0: SINGLE (Flyball, 89S, EV 88.8 MPH)
Donald Dworkin to second
Runner from 2nd tries for 3rd, OUT after rundown.
Batting: RHB Colby Cooper 0-0: Ball
1-0: Foul Ball, location: 2F
1-1: Swinging Strike
1-2: Strikes out swinging
Bottom of the 3rd over - 0 runs, 2 hits, 0 errors, 1 left on base; Phoenix 0 - Batavia 3
TOP OF THE 4TH
Phoenix Roadrunners batting - Pitching for Batavia Muckdogs : RHP Stephen Reece
Batting: LHB Dwight Bell 0-0: Called Strike
0-1: Called Strike
0-2: Ball
1-2: Strikes out swinging
Batting: LHB Rayshaun Stuart 0-0: Ball
1-0: Foul Ball, location: 2F
1-1: Foul Ball, location: 2F
1-2: SOLO HOME RUN (Flyball, 9LD, EV 95.0 MPH), Distance : 348 ft
Batting: LHB Devon Cundiff 0-0: Called Strike
0-1: Called Strike
0-2: Ground out 1-3 (Groundball, 15S, EV 66.2 MPH)
Batting: LHB Neil Wanat 0-0: Ball
1-0: Ground out 5-3 (Groundball, 56S, EV 80.6 MPH)
Top of the 4th over - 1 run, 1 hit, 0 errors, 0 left on base; Phoenix 1 - Batavia 3
BOTTOM OF THE 4TH
Batavia Muckdogs batting - Pitching for Phoenix Roadrunners : LHP Jakob Hilliard
Batting: LHB Edward Schachter 0-0: Ball
1-0: Foul Ball, location: 2F
1-1: Foul Ball, location: 2F
1-2: Strikes out swinging
Batting: LHB Stefan Ciolino 0-0: Called Strike
0-1: Swinging Strike
0-2: Strikes out looking
Batting: RHB Tommy Tyrrell 0-0: SINGLE (Groundball, 56D, EV 103.1 MPH)
Batting: RHB Destin Fransen 0-0: Called Strike
Tommy Tyrrell steals 2nd base
0-1: Swinging Strike
0-2: Ball
1-2: Strikes out swinging
Bottom of the 4th over - 0 runs, 1 hit, 0 errors, 1 left on base; Phoenix 1 - Batavia 3
TOP OF THE 5TH
Phoenix Roadrunners batting - Pitching for Batavia Muckdogs : RHP Stephen Reece
Batting: RHB Cody Barkley 0-0: Fly out, F4 (Popup, 4, EV 48.8 MPH)
Batting: RHB Tommy Simpson 0-0: Swinging Strike
0-1: Called Strike
0-2: Ball
1-2: Ball
2-2: Ball
3-2: Strikes out looking
Batting: RHB Cole Segal 0-0: Called Strike
0-1: Ball
1-1: Fly out, F8 (Flyball, 8RD, EV 105.0 MPH)
Top of the 5th over - 0 runs, 0 hits, 0 errors, 0 left on base; Phoenix 1 - Batavia 3
BOTTOM OF THE 5TH
Batavia Muckdogs batting - Pitching for Phoenix Roadrunners : LHP Jakob Hilliard
Batting: RHB Tyson Velez 0-0: Ball
1-0: Fly out, F9 (Flyball, 89M, EV 86.2 MPH)
Batting: LHB Donald Dworkin 0-0: Called Strike
0-1: Ball
1-1: Swinging Strike
1-2: Ball
2-2: Foul Ball, location: 2F
2-2: Strikes out swinging
Batting: RHB Robbie McGath 0-0: Bunt for hit to 2R - play at first, batter OUT! 2-3
Bottom of the 5th over - 0 runs, 0 hits, 0 errors, 0 left on base; Phoenix 1 - Batavia 3
Bottom of the 5th over - 0 runs, 0 hits, 0 errors, 0 left on base; Phoenix 1 - Batavia 3
TOP OF THE 6TH
Phoenix Roadrunners batting - Pitching for Batavia Muckdogs : RHP Stephen Reece
Batting: RHB Harrison Jordan 0-0: Called Strike
0-1: Foul Ball, location: 2F
0-2: Ball
1-2: Ball
2-2: Ball
3-2: SINGLE (Line Drive, 4D, EV 100.0 MPH)
Batting: RHB Rick Anderson 0-0: Swinging Strike
0-1: Ball
1-1: Ball
2-1: Foul Ball, location: 2F
2-2: Ball
3-2: Fly out, F8 (Line Drive, 89M, EV 100.6 MPH)
Batting: LHB Dwight Bell 0-0: Swinging Strike
0-1: 2-RUN HOME RUN (Flyball, 7D, EV 96.9 MPH), Distance : 373 ft
Batting: LHB Rayshaun Stuart 0-0: Ball
1-0: Called Strike
1-1: Called Strike
1-2: Strikes out looking
Batting: LHB Devon Cundiff 0-0: Ball
1-0: Ball
2-0: Called Strike
2-1: Called Strike
2-2: Fly out, F8 (Flyball, 78M, EV 92.5 MPH)
Top of the 6th over - 2 runs, 2 hits, 0 errors, 0 left on base; Phoenix 3 - Batavia 3
BOTTOM OF THE 6TH
Batavia Muckdogs batting - Pitching for Phoenix Roadrunners : LHP Jakob Hilliard
Batting: RHB R.J. McCarthy 0-0: Called Strike
0-1: Ball
1-1: Called Strike
1-2: Ball
2-2: Strikes out looking
Batting: RHB Colby Cooper 0-0: Reached on error, E5 (Groundball, 5, EV 97.5 MPH)
Batting: LHB Edward Schachter 0-0: Called Strike
Colby Cooper is caught stealing 2nd base 2-6
0-1: Foul Ball, location: 7LSF, Error on foul ball, E7
0-2: Hit by Pitch
Batting: LHB Stefan Ciolino 0-0: Fly out, F8 (Flyball, 8RM, EV 88.8 MPH)
Bottom of the 6th over - 0 runs, 0 hits, 2 errors, 1 left on base; Phoenix 3 - Batavia 3
TOP OF THE 7TH
Phoenix Roadrunners batting - Pitching for Batavia Muckdogs : RHP Stephen Reece
Pitching: RHP Herm Cobaj
Batting: LHB Neil Wanat 0-0: Ball
1-0: Ball
2-0: Called Strike
2-1: Foul Ball, location: 2F
2-2: Foul Ball, location: 2F
2-2: Foul Ball, location: 2F
2-2: Strikes out looking
Batting: RHB Cody Barkley 0-0: Ground out U3 (Groundball, 34S, EV 77.5 MPH)
Pinch Hitting: LHB Will Harper 0-0: Ball
1-0: Swinging Strike
1-1: SINGLE (Line Drive, 6MD, EV 100.0 MPH)
Batting: RHB Cole Segal 0-0: Ball
1-0: Ball
2-0: Called Strike
2-1: Foul Ball, location: 2F
2-2: Ball
3-2: Strikes out looking
Top of the 7th over - 0 runs, 1 hit, 0 errors, 1 left on base; Phoenix 3 - Batavia 3
BOTTOM OF THE 7TH
Batavia Muckdogs batting - Pitching for Phoenix Roadrunners : LHP Jakob Hilliard
Pitching: RHP Cade de Jong
Now in LF: Tavin Kang
Batting: RHB Tommy Tyrrell 0-0: Called Strike
0-1: Called Strike
0-2: Strikes out looking
Batting: RHB Destin Fransen 0-0: Called Strike
0-1: Foul Ball, location: 2F
0-2: Ball
1-2: Strikes out looking
Batting: RHB Tyson Velez 0-0: Ball
1-0: Ground out 5-3 (Groundball, 15, EV 81.9 MPH)
Bottom of the 7th over - 0 runs, 0 hits, 0 errors, 0 left on base; Phoenix 3 - Batavia 3
TOP OF THE 8TH
Phoenix Roadrunners batting - Pitching for Batavia Muckdogs : RHP Herm Cobaj
Batting: RHB Harrison Jordan 0-0: Called Strike
0-1: Swinging Strike
0-2: Ball
1-2: Strikes out swinging
Batting: RHB Rick Anderson 0-0: Swinging Strike
0-1: Foul Ball, location: 2F
0-2: Ground out 1-3 (Groundball, 13, EV 65.0 MPH)
Batting: LHB Dwight Bell 0-0: Ball
1-0: Foul Ball, location: 2F
1-1: Fly out, F7 (Flyball, 78S, EV 83.8 MPH)
Top of the 8th over - 0 runs, 0 hits, 0 errors, 0 left on base; Phoenix 3 - Batavia 3
BOTTOM OF THE 8TH
Batavia Muckdogs batting - Pitching for Phoenix Roadrunners : RHP Cade de Jong
Batting: LHB Donald Dworkin 0-0: Swinging Strike
0-1: Swinging Strike
0-2: Ball
1-2: Ball
2-2: Foul Ball, location: 2F
2-2: SOLO HOME RUN (Flyball, 7D, EV 95.0 MPH), Distance : 356 ft
Batting: RHB Robbie McGath 0-0: Foul Ball, location: 2F
0-1: Foul Ball, location: 2F
0-2: Ball
1-2: SINGLE (Groundball, 34S, EV 66.2 MPH) (infield hit)
Batting: RHB R.J. McCarthy 0-0: Called Strike
0-1: Ball
1-1: Ball
2-1: Swinging Strike
2-2: Ball
3-2: Fly out, F7 (Flyball, 7D, EV 95.6 MPH)
Pitching: LHP Logan Schneider
Batting: RHB Colby Cooper 0-0: Ball
1-0: Ball
Robbie McGath steals 2nd base
2-0: Foul Ball, location: 2F
2-1: Swinging Strike
2-2: Ball
3-2: Strikes out swinging
Batting: LHB Edward Schachter 0-0: Ball
1-0: Swinging Strike
1-1: Ball
2-1: Ball
3-1: SINGLE (Line Drive, 8RS, EV 110.0 MPH)
Robbie McGath to third
Runner from 3rd tries for Home, SAFE, throw by CF to home
Edward Schachter to second
Batting: LHB Stefan Ciolino 0-0: Swinging Strike
0-1: Called Strike
0-2: Ground out 3-1 (Groundball, 13, EV 87.5 MPH)
Bottom of the 8th over - 2 runs, 3 hits, 0 errors, 1 left on base; Phoenix 3 - Batavia 5
TOP OF THE 9TH
Phoenix Roadrunners batting - Pitching for Batavia Muckdogs : RHP Herm Cobaj
Pitching: LHP Isaac Bates
Batting: LHB Rayshaun Stuart 0-0: Called Strike
0-1: Ball
1-1: Swinging Strike
1-2: Ball
2-2: SINGLE (Line Drive, 78S, EV 93.8 MPH)
Batting: LHB Devon Cundiff 0-0: SINGLE (Flyball, 6MD, EV 85.0 MPH)
Rayshaun Stuart to second
Pinch Hitting: RHB Dalton Banks 0-0: Called Strike
0-1: Called Strike
0-2: Ball
1-2: Grounds into double play, 5-4-3 (Groundball, 15, EV 89.4 MPH)
Rayshaun Stuart to third
Batting: RHB Cody Barkley 0-0: Called Strike
0-1: Ball
1-1: DOUBLE (Flyball, 89D, EV 98.8 MPH)
Rayshaun Stuart scores
Pinch Hitting: RHB Boone Gellings 0-0: Swinging Strike
0-1: Ball
1-1: Swinging Strike
1-2: Ground out 5-3 (Groundball, 56, EV 103.1 MPH)
Top of the 9th over - 1 run, 3 hits, 0 errors, 1 left on base; Phoenix 4 - Batavia 5
Monday, March 25th , 2024 - OOTP Baseball 23.10 Build 110